 Dungeon Crawl Stone Soup version 0.31-a0-889-g1a8549509d (webtiles) character file.

Game seed: 8611237805458606434

9 Azuregosa the Sneak (level 2, -7/21 HPs)
             Began as an Octopode Delver on Oct 16, 2023.
             Splashed by a jelly's acid (11 damage)
             ... on level 6 of the Dungeon.
             The game lasted 00:00:53 (126 turns).

Azuregosa the Sneak (Octopode Delver)                Turns: 126, Time: 00:00:55

Health: -7/21      AC: -3    Str: 11    XL:     2   Next: 12%
Magic:  2/2        EV: 13    Int: 12    God:
Gold:   46         SH:  0    Dex: 13    Spells: 1/1 levels left

rFire   . . .        a - +0 falchion
rCold   . . .        (no shield)
rNeg    . . .        (helmet restricted)
rPois   .            (no amulet)
rElec   .            (no ring)
rCorr   .            (no ring)
SInv    .            (no ring)
Will    .....        (no ring)
Stlth   ++++         (no ring)
HPRegen 0.23/turn    (no ring)
MPRegen 0.08/turn    (no ring)
                     (no ring)

%: no passive effects
@: corroded
A: almost no armour, amphibious, 8 rings, camouflage 1, gelatinous body 1,
(nimble swimmer 1), tentacles
a: no special abilities


You were on level 6 of the Dungeon.
You visited 1 branch of the dungeon, and saw 2 of its levels.

You collected 46 gold pieces.

Inventory:

Hand Weapons
 a - a +0 falchion (weapon)
Wands
 f - a wand of digging (3)
Scrolls
 b - a scroll of fog
 d - a scroll of fear
Potions
 e - a potion of haste


   Skills:
 - Level 3.0 Fighting
 - Level 2.0 Long Blades
 - Level 2.0 Dodging
 + Level 7.2 Stealth


You had one spell level left.
You didn't know any spells.
Your spell library was empty.

Dungeon Overview and Level Annotations

Branches:
Dungeon (6/15)
 Temple: D:4-7

Altars:


Innate Abilities, Weirdness & Mutations

You cannot wear most types of armour.
You are amphibious.
You can wear up to eight rings at the same time.
Your skin changes colour to match your surroundings (Stealth+).
Your rubbery body absorbs attacks. (AC +1, EV +1)
((You are camouflaged when in or above water. (Stealth+)))
You have tentacles for arms and can constrict up to eight enemies at once.


Message History

Found a pair of gloves.
Found a hand axe.
You see here a +0 hand axe.
You now have 35 gold pieces (gained 20).
You now have 46 gold pieces (gained 11).
An orc and an orc wizard come into view.
There is a stone staircase leading down here.
You climb downwards.
There is a stone staircase leading up here.
An adder comes into view.
The helpless adder fails to defend itself.
You hit the adder. Your grab misses the adder.
The adder is moderately wounded.
The adder closely misses you. The adder bites you but does no damage.
You miss the adder. Your grab misses the adder. Your squeeze misses the adder.
The adder is moderately wounded.
The adder misses you.
You slash the adder!
You kill the adder!
Your Stealth skill increases to level 7!
You have reached level 2!
A jelly comes into view.
The helpless jelly fails to defend itself.
You slash the jelly! The acid corrodes you!
Your tentacles burn!
You squeeze the jelly.
The jelly is severely wounded.
The jelly barely misses you.
You barely miss the jelly.
The jelly is severely wounded.
The jelly hits you.
You are splashed with acid!
You hit the jelly.
Your tentacles burn!
The jelly is almost dead.
The jelly barely misses you.
You barely miss the jelly.
The jelly is almost dead.
The jelly hits you.
* * * LOW HITPOINT WARNING * * *
You are splashed with acid!
Ouch! That really hurt!
You die...

***,,,,,,,,* *,*,*
,,,,,,,,**,*
*,..**************
***,***,**,*
**.#,,,,,,,,<,,,,, *,*
*,**,*
*.#,************* *,*
*,**,******.#,* *,*
*,,,,,,,,,,.#,# *,*
*,**,#.####.#.##
###.###.##.#....J.#..##
###.###.##.#***#@.....#
....###.##.# #..#..##
##..###.##.# #..#*,#
##.........# #..#*,*
##.####.#### #..#*,*
##.###...### #..#*,*
##..<#...### #..#*,*
...#.......#####..#*,*
##................#*,*


You could see a jelly.

Vanquished Creatures
  An adder (D:6)
1 creature vanquished.

Notes
Turn   | Place    | Note
-------+----------+-------------------------------------------
     0 | D:5      | Azuregosa the Octopode Delver began the quest for the Orb.
     0 | D:5      | Reached XP level 1. HP: 16/16 MP: 1/1
    72 | D:5      | Noticed an orc wizard
   112 | D:6      | Reached skill level 7 in Stealth
   112 | D:6      | Reached XP level 2. HP: 21/21 MP: 2/2
   126 | D:6      | Splashed by a jelly's acid

Illustrated notes

Levels and vault maps discovered:
D:5:      layout_loops_cross, lemuel_tele_altar
D:6:      layout_loops_ring, kennysheep_little_box,
          mainiacjoe_overflow_six_doors_small

Skill      XL: |  1 |
---------------+----+-----
Stealth        | 7 |  7.2
Fighting       | |  3.0
Long Blades    | |  2.0
Dodging        | |  2.0

Action                     || total
---------------------------++-------
  Melee: Falchion          ||     7
         Tentacles         ||     1
    Use: Scroll            ||     1
   Stab: Sleeping          ||     2
 Armour: Skin              ||     3
  Dodge: Dodged            ||     4

Table legend: (Time is in decaauts)
 A = Elapsed time spent in this place.
 B = Non-inter-level travel time spent in this place.
 C = Inter-level travel time spent in this place.
 D = Time resting spent in this place.
 E = Time spent auto-exploring this place.
 F = Levels seen in this place.
 G = Mean time per level.
                   A        B        C        D        E       F      G
               +--------+--------+--------+--------+--------+-----+--------+
         Total |    128 |    128 |      0 |      0 |     56 |   2 |   64.0 |
       Dungeon |    128 |    128 |      0 |      0 |     56 |   2 |   64.0 |
               +--------+--------+--------+--------+--------+-----+--------+

Top non-repeatable levels by time:
     D:5: 97 daAuts
     D:6: 30 daAuts
